 Dungeon Crawl Stone Soup version 0.31-a0-4-gefa6de2278 (webtiles) character file.

Game seed: 2882961672004217023

356 Dordric the Trooper (level 6, -1/49 HPs)
             Began as a Djinni Monk on May 3, 2023.
             Slain by an iguana (7 damage)
             ... on level 5 of the Dungeon.
             The game lasted 00:04:07 (3751 turns).

Dordric the Trooper (Djinni Monk)                   Turns: 3751, Time: 00:04:07

Health: -1/49      AC: 11    Str: 10    XL:     6   Next: 96%
Gold:   295        EV:  6    Int: 12    God:
                   SH:  0    Dex: 17

rFire   + + .        a - +0 falchion
rCold   . . .        d - orb {light}
rNeg    . . .        r - +2 chain mail {rC+}
rPois   ∞            (no helmet)
rElec   .            (no cloak)
rCorr   .            h - +0 pair of gloves
SInv    .            (boots unavailable)
Will    .....        (no amulet) Stlth
                     (no ring)
HPRegen 0.28/turn    (no ring)
MPRegen 0.00/turn

%: infuse magic (-2 HP)
@: flying, glowing
A: sickness immunity, fire resistance 2, cold vulnerability 1, float, innate
caster, HP casting, extra vitality 1
a: no special abilities


You were on level 5 of the Dungeon.
You visited 1 branch of the dungeon, and saw 5 of its levels.

You collected 295 gold pieces.

Inventory:

Hand Weapons
 a - a +0 falchion (weapon)
Armour
 b - a +0 robe
 d - an orb of light (worn)
 g - a +0 scale mail
 h - a +0 pair of gloves (worn)
 r - a +2 chain mail of cold resistance (worn)
 x - a +0 ring mail
 y - a +0 leather armour
Jewellery
 p - a ring of willpower
 t - a ring of willpower
Wands
 A - a wand of paralysis (6)
Scrolls
 e - a scroll of summoning {unknown}
 f - 5 scrolls of identify {unknown}
 i - 2 scrolls of enchant weapon {unknown}
 k - a scroll of torment {unknown}
 n - a scroll of enchant armour {unknown}
 o - 2 scrolls of magic mapping {unknown}
 s - 3 scrolls of teleportation {unknown}
 u - 2 scrolls of immolation {unknown}
 v - a scroll of noise {unknown}
 z - a scroll of vulnerability {unknown}
Potions
 c - 2 potions of ambrosia
 j - 3 potions of attraction {unknown}
 l - 9 potions of curing {unknown}
 m - 2 potions of cancellation {unknown}
 q - a potion of heal wounds {unknown}
 w - a potion of haste {unknown}


   Skills:
 + Level 4.8 Fighting
 + Level 4.3 Long Blades
 - Level 3.2 Dodging
 + Level 2.6 Spellcasting


You knew the following spells:

 Your Spells              Type           Power      Damage    Failure   Level
a - Apportation           Tloc           14%        N/A       99%         1
b - Wereblood             Tmut           7%         N/A       100%        2
Your spell library was empty.


Dungeon Overview and Level Annotations

Branches:
Dungeon (5/15)
 Temple: D:4-7

Altars:
Gozag

Shops:
D:2 *


Innate Abilities, Weirdness & Mutations

You are immune to sickness and miasma.
You are immune to poison.
Your flesh is very heat resistant. (rF++)
You are vulnerable to cold. (rC-)
You float through the air rather than walking.
You learn spells naturally, not from books.
Your magical power is your life essence.
You have superior vitality. (+4 MHP)


Message History

You are too injured to fight recklessly!
You are too injured to fight recklessly!
You are too injured to fight recklessly!
You are too injured to fight recklessly!
You are too injured to fight recklessly!
You are too injured to fight recklessly!
You are too injured to fight recklessly!
You are too injured to fight recklessly!
You slash the centaur!
The centaur is heavily wounded.
The centaur hits you but does no damage.
The centaur kicks you but does no damage.
The centaur hits you. The centaur kicks you.
You slash the centaur!
The centaur is almost dead.
The centaur hits you but does no damage.
The centaur barely misses you. The centaur attacks as you move away!
The centaur hits you but does no damage.
The centaur kicks you but does no damage.
The iguana attacks as you move away! The iguana barely misses you.
The centaur wields a +0 shortbow.
The centaur shoots an arrow.
The arrow hits you!
* * * LOW HITPOINT WARNING * * *
The iguana attacks as you move away! The iguana bites you.
* * * LOW HITPOINT WARNING * * *
The iguana attacks as you move away! The iguana barely misses you.
The iguana attacks as you move away!
The iguana bites you but does no damage.
The iguana attacks as you move away!
The iguana bites you but does no damage.
The iguana attacks as you move away! The iguana closely misses you.
The iguana attacks as you move away! The iguana barely misses you.
The centaur shoots an arrow.
The arrow completely misses you.
The iguana bites you but does no damage.
The centaur shoots an arrow.
The arrow hits you.
* * * LOW HITPOINT WARNING * * *
There is a stone staircase leading up here.
The iguana bites you!
You die...

####### #.....# .#
.# #.###.# .#..
#.# #.###.#. #.#
#c##... #####.#
#.##..## # #.....#
#.##...#.#
#.c...###.##......
#@l...............
#.......#........#
#.....#.####.#####
###.###.# #.# #.#
.# #.# #.# # #.#
#.# #.# .# #.#


You could see a centaur and an iguana.

Vanquished Creatures
  A black bear (D:4)
  An ogre (D:3)
  A hound (D:5)
  An iguana (D:4)
  4 adders
  An ufetubus (D:4)
  2 worms
  3 dart slugs
  5 orcs
  5 ball pythons
  6 bats
  6 endoplasms
  7 goblins
  5 hobgoblins
  7 jackals
  2 quokkas
  2 frilled lizards (D:3)
  3 kobolds
  6 rats
68 creatures vanquished.

Notes
Turn   | Place    | Note
-------+----------+-------------------------------------------
     0 | D:1      | Dordric the Djinni Monk began the quest for the Orb.
     0 | D:1      | Reached XP level 1. HP: 20/20 MP: 0/0
   172 | D:1      | Reached XP level 2. HP: 22/25 MP: 0/0
  1039 | D:2      | Reached XP level 3. HP: 23/30 MP: 0/0
  1039 | D:2      | Learned a level 1 spell: Apportation
  1135 | D:2      | Reached skill level 1 in Spellcasting
  1220 | D:2      | Reached XP level 4. HP: 34/35 MP: 0/0
  1254 | D:2      | Found Pucaydgh's General Store.
  2088 | D:3      | Found an opulent altar of Gozag.
  2201 | D:3      | Noticed an ogre
  2212 | D:3      | Killed an ogre
  2213 | D:3      | Reached XP level 5. HP: 13/41 MP: 0/0
  2213 | D:3      | Learned a level 2 spell: Wereblood
  2740 | D:4      | Noticed an ogre
  3033 | D:4      | Noticed a black bear
  3046 | D:4      | Killed a black bear
  3047 | D:4      | Reached XP level 6. HP: 41/48 MP: 0/0
  3688 | D:5      | Entered Level 5 of the Dungeon
  3732 | D:5      | HP: 1/49 [iguana (6)]
  3751 | D:5      | Slain by an iguana

Illustrated notes

Levels and vault maps discovered:
D:1:      lightli_arrival_windingriver, layout_basic
D:2:      layout_rooms, serial_shops, nicolae_shop_trees,
          chequers_serial_rivers_micro_a, dk_noncrumbling_4,
          ebering_dispersal_statue_hall, grunt_ministairs_8,
          minmay_stone_trees_small, palyth_stone_intersect,
          dreamdust_wishing_well
D:3:      layout_basic, old_standard_altar
D:4:      layout_basic, kennysheep_generic_room_10
D:5:      layout_loops_ring, uniq_blork_the_orc

Skill      XL: |  1  2  3  4  5 |
---------------+----------------+-----
Long Blades    | 3 4 |  4.3
Spellcasting   | 1 2 |  2.6
Fighting       | 4 |  4.8
Dodging        | |  3.2

Action                     |  1- 3 |  4- 6 || total
---------------------------+-------+-------++-------
  Melee: Falchion          |    68 |   144 ||   212
 Armour: Scale mail        |    31 |     6 ||    37
         Chain mail        |       |   137 ||   137
  Dodge: Dodged            |    41 |    72 ||   113

Table legend: (Time is in decaauts)
 A = Elapsed time spent in this place.
 B = Non-inter-level travel time spent in this place.
 C = Inter-level travel time spent in this place.
 D = Time resting spent in this place.
 E = Time spent auto-exploring this place.
 F = Levels seen in this place.
 G = Mean time per level.
                   A        B        C        D        E       F      G
               +--------+--------+--------+--------+--------+-----+--------+
         Total |   3779 |   3510 |    269 |      0 |   2872 |   5 |  755.8 |
       Dungeon |   3779 |   3510 |    269 |      0 |   2872 |   5 |  755.8 |
               +--------+--------+--------+--------+--------+-----+--------+

Top non-repeatable levels by time:
     D:2: 1014 daAuts
     D:1: 1014 daAuts
     D:4: 866 daAuts
     D:3: 819 daAuts
     D:5: 63 daAuts
